Workbook
Name ENTRATE_IN_DETTAGLIO: 'Sezione A '!$D$7
Name Valuta: 'Sezione A '!$D$7

Sheet Sezione A 
A1: CARTA INTESTATA DELL'ENTE
A2: Modulo P4
A3: SCHEDA FINANZIARIA - INIZIATIVA 2
A4: Corsi extracurriculari
A5: DENOMINAZIONE PROGETTO: | C5: L`italiano in Quebec
A6: Sezione A | C6: ENTRATE IN DETTAGLIO
A7: Tasso di cambio: 1 Euro = | C7: 1.5404 | D7: CAD - Dollari Canadesi | E7: da Tabella cambi di finanziamento MAECI
A8: N. | B8: DESCRIZIONE | D8: Totale VAL. LOCALE | E8: Totale EURO | F8: Percentuale %
A9: 1 | B9: Risorse proprie dell'ente: contributi di Istituzioni pubbliche locali | D9: 0 | E9: =IF($C$7=0,0,D9/$C$7) -> 0 | F9: =IF(E9=0,0,E9/$E$16) -> 0
A10: 2 | B10: Risorse proprie dell'ente: donazioni | D10: 5000 | E10: =IF($C$7=0,0,D10/$C$7) -> 3245.9102 | F10: =IF(E10=0,0,E10/$E$16) -> 0.035071746
A11: 3 | B11: Risorse proprie dell’ente: interessi bancari | D11: 0 | E11: =IF($C$7=0,0,D11/$C$7) -> 0 | F11: =IF(E11=0,0,E11/$E$16) -> 0
A12: 4 | B12: Risorse proprie dell’ente: quote di partecipazione a carico delle famiglie | D12: 26400 | E12: =IF($C$7=0,0,D12/$C$7) -> 17138.406 | F12: =IF(E12=0,0,E12/$E$16) -> 0.18517882
A13: 5 | B13: Risorse proprie dell’ente: altro (specificare) | D13: 0 | E13: =IF($C$7=0,0,D13/$C$7) -> 0 | F13: =IF(E13=0,0,E13/$E$16) -> 0
A14: 6 | B14: TOTALE RISORSE PROPRIE | D14: =SUM(D9:D13) -> 31400 | E14: =SUM(E9:E13) -> 20384.316 | F14: =IF(E14=0,0,E14/$E$16) -> 0.22025057
A15: 7 | B15: Contributo ministeriale richiesto sul cap.3153 dello stato di previsione del MAECI | D15: 111164.9 | E15: =IF($C$7=0,0,D15/$C$7) -> 72166.256 | F15: =IF(E15=0,0,E15/$E$16) -> 0.77974943
A16: 8 | B16: TOTALE ENTRATE | D16: =SUM(D14:D15) -> 142564.9 | E16: =SUM(E14:E15) -> 92550.571 | F16: =IF(E16=0,0,E16/$E$16) -> 1
A17: NOTE ESPLICATIVE
A18: (1)
A19: (2) Donazioni da parte di alcuni soci e da privati: BMS Auto e Toni Vardaro)
A20: (3)
A21: (4) Quote versate dalle famiglie degli studenti. 220 studenti a 220 dollari canadesi ciascuno, per un totale di 26.400,00 dollari canadesi. l`importo ascri􀀀o rappresenta la quota parte del totale incassato a copertura della propria percentuale di coﬁnanziamento
A22: (5) Fondi che potrebbero rimanere+ sul c/c a fine anno scolastico 25/26
A23: (7) Contributo ministeriale richiesto sul cap. 3153 dello stato di previsione del Maeci per l`a.s. 2026/2027
B25: Data 13/03/2026
D26: Timbro del Rappresentante Legale e Firma
B27: VISTO VERIFICATA L’ESATTEZZA E APPROVATO DAL CAPO DELL’UFFICIO CONSOLARE (timbro lineare del firmatario con nome e funzione e timbro tondo della Sede)

Sheet Sezione B
A1: CARTA INTESTATA DELL'ENTE
A2: Sezione B | C2: SPESE DI FUNZIONAMENTO DIDATTICO GENERALE
A3: Tasso di cambio: 1 Euro = | C3: ='Sezione A '!C7 -> 1.5404 | D3: ='Sezione A '!D7 -> CAD - Dollari Canadesi | E3: da Tabella cambi di finanziamento MAECI
A4: N. | B4: DESCRIZIONE | D4: Totale VALUTA LOCALE | E4: Totale EURO
A5: 9 | B5: Affitto aule ad uso corsi e attività (voce comprensiva di eventuali spese accessorie da specificarsi nelle note) | D5: 43000 | E5: =IF($C$3=0,0,D5/$C$3) -> 27914.827
A6: 10 | B6: Acquisto libri, materiale didattico analogico, digitale e multimediale e software didattici | D6: 5589 | E6: =IF($C$3=0,0,D6/$C$3) -> 3628.2784
A7: 11 | B7: Acquisto attrezzature tecnologiche finalizzate all’insegnamento | D7: 0 | E7: =IF($C$3=0,0,D7/$C$3) -> 0
A8: 12 | B8: Noleggio attrezzature per insegnamento | D8: 0 | E8: =IF($C$3=0,0,D8/$C$3) -> 0
A9: 13 | B9: Assicurazione alunni | D9: 343.9 | E9: =IF($C$3=0,0,D9/$C$3) -> 223.2537
A10: 14 | B10: Certificazione linguistica | D10: 0 | E10: =IF($C$3=0,0,D10/$C$3) -> 0
A11: 15 | B11: TOTALE | D11: =SUM(D5:D10) -> 48932.9 | E11: =SUM(E5:E10) -> 31766.359
A12: NOTE ESPLICATIVE
A13: (9) 14 aule presso la SWLSB a 2,372.00$medi/l'una = 33,208.00$/anno; 4 aule presso la CCPI =2,448.00$ medi/l'una = 9,792.00$/anno = 43,000.00$/anno. 10 aule ci sono concesse gratuitamente. (CFR modulo di integrazione P4)
A14: (10) Spesa libri -manuali stampati in loco. 300 studenti +24 insegnanti. Offerta riproporzionata a 324 (300+24) sulla base dell'offerta libri (A20022026) fatta per 327. ($5,723.45/327x324=$5,670.94); In dettaglio si prevedono: 65 studenti in materna, 60 in prima, 60 in seconda, 40 in terza, 25 in quarta, 24 in quinta e 26 in sesta. per una spesa complessiva di $5,259.77. Riguardo ai 24 docenti la spesa complessiva sarebbe di $421.93 (Materna 8, prima 4, seconda 3, terza 3, quarta 2, quinta 2, sesta 2). Tuttavia la spesa per i docenti sara' riportata $329.23 in luogo di $421.93. La spesa totale risultera' quindi $5,589.00
A15: (11)
A16: (12)
A17: (13) Quota parte dell'assicurazione RC per 300 allievi e 24 insegnanti.
A18: (14)
B20: Data 23/03/2026
D21: Timbro del Rappresentante Legale e Firma
B22: VISTO VERIFICATA L’ESATTEZZA E APPROVATO DAL CAPO DELL’UFFICIO CONSOLARE (timbro lineare del firmatario con nome e funzione e timbro tondo della Sede)

Sheet Sezione C
A1: CARTA INTESTATA DELL'ENTE
A2: Sezione C | C2: SPESE PER IL PERSONALE DOCENTE
A3: Tasso di cambio: 1 Euro = | C3: ='Sezione A '!C7 -> 1.5404 | D3: ='Sezione A '!D7 -> CAD - Dollari Canadesi | E3: da Tabella cambi di finanziamento MAECI
A4: N. | B4: DESCRIZIONE | D4: Totale VALUTA LOCALE | E4: Totale EURO
A5: 16 | B5: Retribuzione del personale docente impiegato per insegnamento nei corsi di lingua | D5: 73062 | E5: =IF($C$3=0,0,D5/$C$3) -> 47430.538
A6: 17 | B6: Retribuzione del personale docente impiegato per insegnamento nei corsi preparatori | D6: 0 | E6: =IF($C$3=0,0,D6/$C$3) -> 0
A7: 18 | B7: Eventuale rimborso spese di viaggio del personale docente per l'espletamento delle attività didattiche | D7: 3000 | E7: =IF($C$3=0,0,D7/$C$3) -> 1947.5461
A8: 19 | B8: TOTALE | D8: =SUM(D5:D7) -> 76062 | E8: =IF($C$3=0,0,D8/$C$3) -> 49378.084
A9: NOTE ESPLICATIVE
A10: (16) Retribuzione di 24 insegnanti per 1,798.00 ore al costo medio di circa 40.6$/h = 73,062.00$
A11: (17)
A12: (18) Rinborso spese di viaggio per gli insegnanti che agiscono in sedi disagiate: circa 5,085 km/anno per 3 insegnanti che percorrono in media 1,695 km/anno ciscuno al rimborso di 0.59 $/km . Spesa totale=3,000.00.Vedere modulo integrazione P4
B14: Data 16/02/2026
D15: Timbro del Rappresentante Legale e Firma
B16: VISTO VERIFICATA L’ESATTEZZA E APPROVATO DAL CAPO DELL’UFFICIO CONSOLARE (timbro lineare del firmatario con nome e funzione e timbro tondo della Sede)

Sheet Sezione D
A1: CARTA INTESTATA DELL'ENTE
A2: Sezione D | C2: SPESE DI FUNZIONAMENTO AMMINISTRATIVO DEL PROGETTO (max 15% del costo totale del progetto)
A3: Tasso di cambio: 1 Euro = | C3: ='Sezione A '!C7 -> 1.5404 | D3: ='Sezione A '!D7 -> CAD - Dollari Canadesi | E3: da Tabella cambi di finanziamento MAECI
A4: N. | B4: DESCRIZIONE | D4: Totale VALUTA LOCALE | E4: Totale EURO
A5: 20 | B5: Affitto spazi adibiti alla gestione e amministrazione del progetto | D5: 3600 | E5: =IF($C$3=0,0,D5/$C$3) -> 2337.0553
A6: 21 | B6: Materiale di facile consumo | D6: 200 | E6: =IF($C$3=0,0,D6/$C$3) -> 129.83641
A7: 22 | B7: Spese postali | D7: 20 | E7: =IF($C$3=0,0,D7/$C$3) -> 12.983641
A8: 23 | B8: Spese telefoniche, internet | D8: 0 | E8: =IF($C$3=0,0,D8/$C$3) -> 0
A9: 24 | B9: Consumi vari (energia elettrica, riscaldamento, acqua, pulizie, ecc.) riferiti agli spazi adibiti alla gestione e amministrazione del progetto | D9: 0 | E9: =IF($C$3=0,0,D9/$C$3) -> 0
A10: 25 | B10: TOTALE PARZIALE | D10: =SUM(D5:D9) -> 3820 | E10: =SUM(E5:E9) -> 2479.8754
A11: 26 | B11: Retribuzione del personale non docente: Responsabile / coordinatore progetto | D11: 2500 | E11: =IF($C$3=0,0,D11/$C$3) -> 1622.9551
A12: 27 | B12: Retribuzione del personale non docente: Tesoriere / contabile | D12: 3200 | E12: =IF($C$3=0,0,D12/$C$3) -> 2077.3825
A13: 28 | B13: Retribuzione del personale non docente: Impiegati di segreteria | D13: 6000 | E13: =IF($C$3=0,0,D13/$C$3) -> 3895.0922
A14: 29 | B14: TOTALE PARZIALE | D14: =SUM(D11:D13) -> 11700 | E14: =IF($C$3=0,0,D14/$C$3) -> 7595.4298
A15: 30 | B15: TOTALE (voce 25 + voce 29) | D15: =D10+D14 -> 15520 | E15: =E10+E14 -> 10075.305
A16: NOTE ESPLICATIVE
A17: (20) Locazione spazi per organizzazione generale, riunioni di coordinamento didattico ed organizzativo dei corsi con i docenti, punto operativo per lo svolgimento delle operazioni di segreteria, preparazione dei progetti, ecc. 300.00$ /mese per 12 mesi =3,600.00$
A18: (21) Fotocopie, carta, cartucce di stampa
A19: (22)
A20: (23) Spese comprese nel contratto di locazione ufficio.
A21: (24) Spese comprese nel contratto di locazione ufficio.
A22: (26) Rimborso spese per il coordinatore del progetto. A corpo
A23: (27) Verifica contabile, produzione del bilancio civilistico, elaborazione delle dichiarazioni dei redditi Federali e Provinciali, tramite compagnia abilitata esterna (Bastone & Cie). A forfait.
A24: (28) Effettuazione di scritture contabili, tenuta di registri, contatti di segreteria con scuole e famiglie. Prestazione a tempo parziale: 1 persona, 25$/h , 24h/mese; 10 mesi per 600.00$/mese=6,000.00$
B26: Data 16/02/2026
D27: Timbro del Rappresentante Legale e Firma
A28: VISTO VERIFICATA L’ESATTEZZA E APPROVATO DAL CAPO DELL’UFFICIO CONSOLARE (timbro lineare del firmatario con nome e funzione e timbro tondo della Sede)

Sheet Sezione E
A1: CARTA INTESTATA DELL'ENTE
A2: Sezione E | C2: SPESE DI CARATTERE PROMOZIONALE (max 10% del costo totale del progetto)
A3: Tasso di cambio: 1 Euro = | C3: ='Sezione A '!C7 -> 1.5404 | D3: ='Sezione A '!D7 -> CAD - Dollari Canadesi | E3: da Tabella cambi di finanziamento MAECI
A4: N. | B4: DESCRIZIONE | D4: Totale VALUTA LOCALE | E4: Totale EURO
A5: 31 | B5: Spese per inserzione / acquisto spazi pubblicitari (stampa, tv, radio) | D5: 550 | E5: =IF($C$3=0,0,D5/$C$3) -> 357.05012
A6: 32 | B6: Web marketing e social media marketing (realizzazione siti web, gestione pagine internet, campagne di e-mail marketing, sponsorizzazioni online e gestione social network) | D6: 1000 | E6: =IF($C$3=0,0,D6/$C$3) -> 649.18203
A7: 33 | B7: Realizzazione di materiale promozionale (volantini, locandine, opuscoli, cataloghi, roll-up, materiale audiovisivo e fotografico) | D7: 500 | E7: =IF($C$3=0,0,D7/$C$3) -> 324.59102
A8: 34 | B8: TOTALE | D8: =D5+D6+D7 -> 2050 | E8: =E5+E6+E7 -> 1330.8232
A9: NOTE ESPLICATIVE
A10: (31) Spese per annunci radiofonici (CFMB1280) e pubblicità sul Cittadino Canadese. Inerenti l'inizio corsi e le attività didattiche. 300$ per CFMB1280 e 250$ per il Cittadino.
A11: (32) Aggiornamenti Sito e Facebook: 1 persona , 20h/anno, 50$/h. = 1000.00$
A12: (33) Realizzazione di 10 locandine e 1000 depliant pubblicitari da distribuire in occasione della settimana italiana di Montréal. 20$x10 = 200.00$; 0.3$x1000=300$; totale 500.00$
B14: Data: 16/02/2026
D15: Timbro del Rappresentante Legale e Firma
B16: VISTO VERIFICATA L’ESATTEZZA E APPROVATO DAL CAPO DELL’UFFICIO CONSOLARE (timbro lineare del firmatario con nome e funzione e timbro tondo della Sede)

Sheet Sezione F
A1: CARTA INTESTATA DELL'ENTE
A2: Sezione F | C2: RIEPILOGO FINANZIARIO GENERALE
A3: Tasso di cambio: 1 Euro = | C3: ='Sezione A '!C7 -> 1.5404 | D3: ='Sezione A '!D7 -> CAD - Dollari Canadesi | E3: da Tabella cambi di finanziamento MAECI
A4: N. | B4: DESCRIZIONE | D4: Totale VALUTA LOCALE | E4: Totale EURO | F4: Percentuale %
A5: 35 | B5: Risorse proprie dell'Ente (voci da 1 a 5) | D5: ='Sezione A '!$D$14 -> 31400 | E5: ='Sezione A '!$E$14 -> 20384.316
A6: 36 | B6: Contributo ministeriale richiesto sul Cap. 3153 dello stato di previsione del MAECI (voce 7) | D6: ='Sezione A '!$D$15 -> 111164.9 | E6: ='Sezione A '!$E$15 -> 72166.256
A7: 37 | B7: TOTALE ENTRATE | D7: =SUM(D5:D6) -> 142564.9 | E7: =SUM(E5:E6) -> 92550.571
A8: 38 | B8: Spese di funzionamento didattico generale (voce 15) | D8: ='Sezione B'!D11 -> 48932.9 | E8: ='Sezione B'!E11 -> 31766.359
A9: 39 | B9: Spese per il personale docente (voce 19) | D9: ='Sezione C'!D8 -> 76062 | E9: ='Sezione C'!E8 -> 49378.084
A10: 40 | B10: Spese di funzionamento amministrativo del progetto (voce 30 ) | D10: ='Sezione D'!D15 -> 15520 | E10: ='Sezione D'!E15 -> 10075.305 | F10: =IF(E10=0,0,E10/$E$12) -> 0.1088627
A11: 41 | B11: Spese di carattere promozionale (voce 34) | D11: ='Sezione E'!D8 -> 2050 | E11: ='Sezione E'!E8 -> 1330.8232 | F11: =IF(E11=0,0,E11/$E$12) -> 0.014379416
A12: 42 | B12: TOTALE USCITE | D12: =SUM(D8:D11) -> 142564.9 | E12: =SUM(E8:E11) -> 92550.571
B14: Data, 13/03/2026
D15: Timbro del Rappresentante Legale e Firma
B16: VISTO VERIFICATA L’ESATTEZZA E APPROVATO DAL CAPO DELL’UFFICIO CONSOLARE (timbro lineare del firmatario con nome e funzione) e timbro tondo della Sede)

Sheet Sezione G - Dati
A1: CARTA INTESTATA DELL'ENTE
A2: INIZIATIVA 2 - CORSI EXTRACURRICOLARI
A3: Sezione G - Dati | C3: Progetto: L'Italiano in Québec
A4: A.S. 2025/2026
A5: ATTIVITA' | C5: N.CORSI* | D5: N.ALUNNI | E5: Totale ORE*** di lezione annue | F5: di cui pagate dall'Ente | G5: N.DOCENTI*** a carico dell'Ente
A6: SCUOLA DELL'INFANZIA | C6: 8 | D6: 65 | E6: 548 | F6: 548 | G6: 8
A7: SCUOLA PRIMARIA | C7: 20 | D7: 235 | E7: 1250 | F7: 1250 | G7: 16
A8: SCUOLA SECONDARIA DI I GRADO
A9: SCUOLA SECONDARIA DI II GRADO
A10: ATTIVITA' CORSI PREPARATORI
A11: TOTALI | C11: =SUM(C6:C10) -> 28 | D11: =SUM(D6:D10) -> 300 | E11: =SUM(E6:E10) -> 1798 | F11: =SUM(F6:F10) -> 1798 | G11: 24
A12: CERTIFICAZIONI LINGUISTICHE
A13: *CORSI | B13: Intesi come gruppi classe.
A14: **ORE | B14: Il calcolo delle ORE deve sempre essere riportato a 60 minuti, eventualmente arrotondando.
A15: ***DOCENTI | B15: Inserire il totale delle persone fisiche retribuite e non degli incarichi
B17: Data: 16/02/2026
E18: Timbro del Rappresentante Legale e Firma
B19: VISTO VERIFICATA L’ESATTEZZA E APPROVATO DAL CAPO DELL’UFFICIO CONSOLARE (timbro lineare del firmatario con nome e funzione e timbro tondo della Sede)

Sheet Denominazione
A1: Selezionare valuta
A2: ARS - Peso Argentina
A3: AUD - Dollaro Australiano
A4: BAM - Marco Convertibile (Bosnia Erzegovina)
A5: BOB - Boliviano
A6: BRL - Real Brasil
A7: CAD - Dollari Canadesi
A8: CHF - Franchi Svizzeri
A9: CLP - Peso Cileno
A10: CNY - Renminbi (Yuan) - Cina
A11: COP - Peso Colombiano
A12: CZK - Corona Ceca
... A54: ZAR - Rand (Sud Africa)
